 Dungeon Crawl Stone Soup version 0.30-a0-377-g5cb311bc9f (webtiles) character file.

Game seed: 17373532369769765466

231 qeuew the Trooper (level 6, -3/55 HPs)
             Began as a Hill Orc Fighter on Nov 29, 2022.
             Slain by an ogre
             ... wielding a +0 giant spiked club
              (15 damage)
             ... on level 4 of the Dungeon.
             The game lasted 00:02:07 (1825 turns).

qeuew the Trooper (Hill Orc Fighter)                Turns: 1825, Time: 00:02:08

Health: -3/55      AC:  7    Str: 19    XL:     6   Next: 4%
Magic:  6/6        EV:  9    Int:  8    God:
Gold:   268        SH:  5    Dex: 12    Spells: 5/5 levels left

rFire   . . .      SeeInvis .    a - +1 war axe
rCold   . . .      Faith    .    c - +0 buckler
rNeg    . . .      Spirit   .    b - +0 scale mail
rPois   .          Reflect  .    (no helmet)
rElec   .          Harm     .    (no cloak)
rCorr   .          Rampage  .    (no gloves)
Will    .....                    (no boots)
Stlth   ..........               (no amulet)
HPRegen 0.29/turn                (no ring)
MPRegen 0.10/turn                (no ring)

@: no status effects
A: no striking features
a: no special abilities


You were on level 4 of the Dungeon.
You visited 1 branch of the dungeon, and saw 4 of its levels.

You collected 268 gold pieces.

Inventory:

Hand Weapons
 a - a +1 war axe (weapon)
Armour
 b - a +0 scale mail (worn)
 c - a +0 buckler (worn)
Jewellery
 l - a ring of flight
Scrolls
 e - 3 scrolls of magic mapping
 g - a scroll of enchant weapon
Potions
 d - a potion of might
 f - 2 potions of curing
 i - a potion of berserk rage


   Skills:
 + Level 4.8 Fighting
 + Level 4.2 Axes
 + Level 4.3 Armour
 + Level 1.8 Dodging
 + Level 4.3 Shields


You had 5 spell levels left.
You didn't know any spells.
Your spell library was empty.

Dungeon Overview and Level Annotations

Branches:
Dungeon (4/15)
 Temple: D:4-7

Altars:


Message History

Your +0 scale mail unmelds from your body.
(D) Dungeon
Where to? (Enter - D:3, ? - help)
What level of the Dungeon? (default 1, ? - help)
You see here 6 stones.
There is a stone staircase leading down here.
You climb downwards.
The ogre shouts!
Found five items.
Found a stone staircase leading up.
There is a stone staircase leading up here.
There are monsters nearby!
The orc barely misses you.
You slash the orc!
You kill the orc!
An endoplasm comes into view.
The endoplasm quivers.
The ogre hits you with a +0 giant spiked club!
You hit the ogre.
The ogre is lightly wounded.
The ogre barely misses you.
You slash the ogre!
The ogre is moderately wounded.
The ogre hits you with a +0 giant spiked club!!
* * * LOW HITPOINT WARNING * * *
You are too injured to fight recklessly!
You are too injured to fight recklessly!
You are too injured to fight recklessly!
You are too injured to fight recklessly!
You are too injured to fight recklessly!
You are too injured to fight recklessly!
You are too injured to fight recklessly!
You are too injured to fight recklessly!
You are too injured to fight recklessly!
You are too injured to fight recklessly!
You are too injured to fight recklessly!
You are too injured to fight recklessly!
You hit the ogre.
The ogre is heavily wounded.
The ogre hits you with a +0 giant spiked club!
You die...

### ##.##
##.8.##
##.....##
#.8...8.#
#?....!.#...
##.).<..$...<
#...@.J..?...
......8.O.8.....
..###.........[.
. #.#.8.......
............
..######.....
..# #.... ...
#..


You could see an ogre and an endoplasm.

Vanquished Creatures
  A scorpion (D:3)
  A water moccasin zombie (D:3)
  A water moccasin skeleton (D:3)
  An adder (D:2)
  An adder zombie (D:3)
  A dart slug (D:2)
  2 orcs
  6 bats
  7 endoplasms
  2 giant cockroaches
  5 goblins
  3 hobgoblins
  2 quokkas (D:1)
  6 ball pythons
  A frilled lizard (D:1)
  2 kobolds (D:3)
  A quokka zombie (D:3)
  7 rats
50 creatures vanquished.

Notes
Turn   | Place    | Note
-------+----------+-------------------------------------------
     0 | D:1      | qeuew the Hill Orc Fighter began the quest for the Orb.
     0 | D:1      | Reached XP level 1. HP: 19/19 MP: 1/1
   114 | D:1      | Reached XP level 2. HP: 22/27 MP: 2/2
   464 | D:2      | Reached XP level 3. HP: 30/33 MP: 3/3
  1171 | D:3      | Reached skill level 1 in Dodging
  1290 | D:3      | Noticed a scorpion
  1300 | D:3      | Killed a scorpion
  1301 | D:3      | Reached XP level 4. HP: 31/41 MP: 4/4
  1301 | D:3      | Reached XP level 5. HP: 35/47 MP: 5/5
  1545 | D:3      | Reached XP level 6. HP: 54/55 MP: 6/6
  1825 | D:4      | Slain by an ogre

Illustrated notes

Levels and vault maps discovered:
D:1:      lemuel_arrival_behind_the_door_small, layout_basic
D:2:      layout_basic
D:3:      layout_basic, serial_undead, serial_undead_f, serial_undead_d,
          serial_undead_f, serial_undead_e
D:4:      layout_rooms, grunt_temple_overflow_bloody_war, grunt_ministairs_2

Skill      XL: |  1  2  3  4  5 |
---------------+----------------+-----
Axes           | 3 4 |  4.2
Fighting       | 4 |  4.8
Dodging        | 1 |  1.8
Armour         | 4 |  4.3
Shields        | 4 |  4.3

Action                   |  1- 3 |  4- 6 || total
-------------------------+-------+-------++-------
Melee: War axe           |   103 |    43 ||   146
  Use: Scroll            |     6 |     3 ||     9
       Potion            |     3 |     1 ||     4
Armor: Scale mail        |    46 |    18 ||    64
Dodge: Dodged            |    62 |    20 ||    82
Block: Buckler           |    34 |     8 ||    42

Table legend: (Time is in decaauts)
 A = Elapsed time spent in this place.
 B = Non-inter-level travel time spent in this place.
 C = Inter-level travel time spent in this place.
 D = Time resting spent in this place.
 E = Time spent auto-exploring this place.
 F = Levels seen in this place.
 G = Mean time per level.
                   A        B        C        D        E       F      G
               +--------+--------+--------+--------+--------+-----+--------+
         Total |   1877 |   1835 |     42 |     31 |   1433 |   4 |  469.2 |
       Dungeon |   1877 |   1835 |     42 |     31 |   1433 |   4 |  469.2 |
               +--------+--------+--------+--------+--------+-----+--------+

Top non-repeatable levels by time:
     D:2: 795 daAuts
     D:3: 671 daAuts
     D:1: 404 daAuts
     D:4: 6 daAuts
